[Event "34th GER-ch Seniors-50 2022"]
[Site "Magdeburg"]
[Date "2022.08.13"]
[Round "2.4"]
[White "Moritz, Hartmut"]
[Black "De Roda Husman, Juan"]
[Result "1/2-1/2"]
[ECO "C00"]
[WhiteElo "2057"]
[BlackElo "2266"]
[Annotator "TA"]
[PlyCount "104"]
[EventDate "2022.08.12"]
[EventType "swiss"]
[EventCountry "GER"]
[SourceTitle "playchess.com"]
[Source "ChessBase"]
[SourceQuality "1"]
[TimeControl "40/5400+30:1800+30"]

1. e4 c5 2. f4 d5 3. e5 Nc6 4. Nf3 e6 5. c3 Nh6 6. Be2 {[%emt 0:09:34] C00: French: Unusual White 2nd moves.} Nf5 7. O-O h5 8. Na3 {[%emt 0:03:25] The position is equal.} Qb6 {[%emt 0:04:09] [#]} 9. Qb3 $146 ({Predecessor:} 9. Nc2 c4+ 10. Kh1 h4 11. d4 cxd3 12. Ncd4 dxe2 13. Qxe2 Ncxd4 14. Nxd4 Nxd4 15. cxd4 {0-1 (23) Kolompar,J (2065)-Heim,F Wiesbaden 1996}) 9... Qa5 10. d3 {[%emt 0:10:51] Inhibits c4.} h4 11. Nc2 Bd7 (11... c4 $11 12. dxc4 Bc5+ 13. Rf2 Bxf2+ 14. Kxf2 dxc4 15. Bxc4 O-O) 12. Ne3 $14 (12. Qxb7 $2 Rb8 13. Qxb8+ (13. b4 $2 cxb4 14. cxb4 Bxb4 $19) 13... Nxb8 $19) 12... g6 13. Nxf5 (13. Qxb7 $2 Rb8 14. Qxb8+ (14. b4 $2 cxb4 15. cxb4 Bxb4 $19) 14... Nxb8 $19) 13... gxf5 14. Be3 (14. Qxb7 $2 Rb8 15. Qxb8+ (15. b4 $2 cxb4 16. Qxb8+ Nxb8 $19) 15... Nxb8 $19) 14... Be7 15. d4 (15. Qxb7 $2 Rb8 16. Qxb8+ (16. b4 $2 cxb4 17. cxb4 Bxb4 $19) 16... Nxb8 $19) 15... O-O-O 16. Rfd1 cxd4 17. cxd4 (17. Nxd4 Nxe5 18. fxe5 Ba4 $11) 17... Kb8 18. Bd2 Qc7 19. Rdc1 Rdg8 20. a4 Ka8 21. a5 a6 22. Rc2 (22. Bb4 $5 Bxb4 23. Qxb4 $11) 22... Qd8 23. Rac1 {[%emt 0:00:47][%cal Oe2a6] Strongly threatening Bxa6!} Na7 (23... Nxa5 $2 24. Bxa5 Qxa5 25. Rc7 $18) (23... Ka7 $11) 24. Bb4 {[%emt 0:01:28] Hoping for Bxe7. White is more active.} (24. Rc7 Bb5 $11) 24... Bxb4 25. Qxb4 Bb5 26. Bxb5 (26. Rc7 $5 ) 26... Nxb5 27. Rc5 Rg4 28. Rxb5 axb5 29. Qxb5 Qe8 (29... Rxf4 30. a6 Qe7 31. axb7+ Qxb7 32. Qa4+ Qa7 33. Qc6+ Kb8 34. Rc5 Qa1+ 35. Kf2 Qxb2+ 36. Kg1 Qa1+ 37. Rc1 Qxc1+ 38. Qxc1 $18) 30. Qb6 Qa4 $1 {[%emt 0:00:17] Threatens to win with ...Rhg8.} 31. b3 $2 (31. Rc7 $2 Rb8 32. Kf2 Rxf4 $17) (31. h3 $11 Rgg8 32. Rc7) 31... Qa2 32. Ne1 {[%emt 0:00:54] [#]} Qd2 (32... Rxg2+ $142 $3 33. Nxg2 Rg8 34. Rc8+ Rxc8 35. Kf1 Rg8 36. Ne3 Qxh2 37. Ng4 Qh3+ 38. Ke1 Qxg4 39. Kd2 Qf3 40. Qd8+ Rxd8 41. Kc2 Qe2+ 42. Kc3 Rc8+ 43. Kb4 Qa2 44. a6 b6 45. Kb5 Qxb3#) 33. a6 $19 Rxg2+ $1 34. Nxg2 Qxc1+ {[%emt 0:00:02][%mdl 4096] Endgame KQR-KQN} 35. Kf2 Qc2+ 36. Ke3 Qc3+ ({Don't blunder} 36... Rb8 $2 37. axb7+ Rxb7 38. Qd8+ Ka7 39. Qa5+ Kb8 40. Qd8+ Qc8 41. Qd6+ Rc7 42. Qb4+ Qb7 43. Qf8+ Ka7 44. Qa3+ Qa6 45. Qxa6+ Kxa6 46. Nxh4 $19) 37. Kf2 Qc6 38. axb7+ Qxb7 39. Qa5+ Kb8 40. Qa4 h3 41. Ne1 Rc8 $2 (41... Kc7 $19 {White must now prevent ...Ra8.} 42. Qa3 Kd7 43. Qd6+ Ke8) 42. Nd3 $1 $11 Qb6 {[%emt 0:02:12] ...Rc3 is the strong threat.} 43. Nc5 $2 (43. Ke3 $11) 43... Rxc5 $19 44. dxc5 Qxc5+ {[%emt 0:00:06] KQ-KQ} 45. Kf3 Qc3+ 46. Ke2 Qc2+ 47. Kf3 Qe4+ 48. Kf2 Qg2+ $2 (48... Qxa4 $1 $19 49. bxa4 Ka7) 49. Ke3 $11 Qe4+ $2 (49... Qg1+ $11 50. Kd3 Qf1+ 51. Ke3 Qg1+ 52. Kd3 Qd1+ 53. Kc3 Qe1+ 54. Kd4 Qg1+ 55. Kd3) 50. Kf2 $19 {[%emt 0:00:03] [#]} ({But not} 50. Qxe4 $2 fxe4 51. Kd4 Kc7 $19) 50... Qc2+ $2 (50... Qxa4 $1 $19 51. bxa4 Ka7) 51. Ke3 Qc3+ $2 (51... Qc1+ $11 52. Kd3 Qd1+ 53. Ke3 Qe1+ 54. Kd4 Qf2+ 55. Kd3 Kc7) 52. Ke2 {[%emt 0:01:20] [#]} Qc2+ $2 {[%emt 0:20:26] Weighted Error Value: White=0.30/Black=0.56} ({Black should play} 52... Kb7 $1 $19 53. Qb5+ (53. Qd7+ $2 Ka6 $19) 53... Kc7) 1/2-1/2

[Event "34th GER-ch Seniors-50 2022"]
[Site "Magdeburg"]
[Date "2022.08.13"]
[Round "2.5"]
[White "Wacker, Peter"]
[Black "Schroeder, Volker"]
[Result "1-0"]
[ECO "B01"]
[WhiteElo "2263"]
[BlackElo "2070"]
[Annotator "TA"]
[PlyCount "51"]
[EventDate "2022.08.12"]
[EventType "swiss"]
[EventCountry "GER"]
[SourceTitle "playchess.com"]
[Source "ChessBase"]
[SourceQuality "1"]
[TimeControl "40/5400+30:1800+30"]

1. e4 d5 2. exd5 Qxd5 3. Nc3 Qa5 4. d4 Nf6 5. Bc4 Bg4 6. f3 Bf5 7. Nge2 e6 {[%emt 0:05:00] 7...Nbd7 is vanishing.} 8. g4 {[%emt 0:06:43][%cal Bg2g4,Bg4g5,Bg5g6][%mdl 32] B01: Scandinavian Defence.} Bg6 9. h4 {[%emt 0:00:10] [#] h5 is the strong threat.} h5 10. Nf4 {[%emt 0:08:35] [#] White is slightly better.} Bh7 $146 (10... Nc6 $1 $11) ({Predecessor:} 10... Nbd7 11. g5 Nd5 12. Bxd5 exd5 13. Qe2+ Kd8 14. Nxg6 fxg6 15. O-O Qb4 16. Qd3 Qd6 {1-0 (26) Sidorov,A (2006)-Osipov,V (1760) Irkutsk 2014}) 11. g5 $16 {[%emt 0:02:04] Strongly threatening Qe2.} Nfd7 $2 (11... Nc6 $16) 12. g6 $1 $18 (12. Nxh5 Nc6 13. Bb3 O-O-O $11) 12... Bxg6 13. Nxg6 fxg6 14. Qe2 (14. Bxe6 $6 Nc6 15. d5 Ne7 $18) 14... e5 (14... Bb4 {is a better defense.} 15. Bd2 (15. Qxe6+ Kd8 $18) 15... O-O) 15. Bd2 {[%emt 0:05:12] Hoping for Nd5.} ({Weaker is} 15. Qe4 Bb4 16. Bg5 Bxc3+ 17. Kf1 Qb6 18. bxc3 Rf8) 15... Bb4 16. Qe4 {[%emt 0:03:38][%csl LRb7,LRg6] And now 0-0-0 would win.} Qb6 17. O-O-O {[%emt 0:05:43] Black must now prevent Bg5.} Na6 18. Bg5 Bxc3 19. bxc3 Rf8 20. f4 Rf5 21. fxe5 {[%emt 0:00:23] aiming for Qd5.} Qa5 22. Rdf1 Qxc3 23. Qd5 {[%emt 0:02:14] White threatens Qe6+ and mate.} Nac5 {[%emt 0:12:06] Inhibits Qe6+.} 24. dxc5 {[%emt 0:05:12] White mates.} Qa3+ 25. Kb1 Qb4+ {[%emt 0:00:43] [#]} 26. Bb3 $1 {[%emt 0:00:57] White took control after the opening.  Weighted Error Value: White=0.20 (precise) /Black=1.22} 1-0

[Event "34th GER-ch Seniors-50 2022"]
[Site "Magdeburg"]
[Date "2022.08.13"]
[Round "2.6"]
[White "Wimmer, Alfred"]
[Black "Koscielski, Janusz"]
[Result "0-1"]
[ECO "A49"]
[WhiteElo "2047"]
[BlackElo "2255"]
[Annotator "RC"]
[PlyCount "64"]
[EventDate "2022.08.12"]
[EventType "swiss"]
[EventCountry "GER"]
[SourceTitle "playchess.com"]
[Source "ChessBase"]
[SourceQuality "1"]
[TimeControl "40/5400+30:1800+30"]

1. Nf3 Nf6 2. g3 g6 3. b3 Bg7 4. Bb2 O-O 5. Bg2 d6 6. d4 e5 7. dxe5 Nfd7 8. O-O dxe5 9. e4 Nc6 10. a4 a5 11. Na3 Nc5 12. Qxd8 Rxd8 13. Rfe1 f6 14. Nb5 Na6 15. Red1 Be6 16. Ne1 Bf8 17. Ba3 Ncb4 18. Bf3 c6 19. Nc3 Bh6 20. Bc1 Rxd1 21. Bxd1 Bxc1 22. Rxc1 Nc5 23. f3 Kf7 24. Kf2 Bxb3 25. cxb3 Ncd3+ 26. Nxd3 Nxd3+ 27. Ke3 Nxc1 28. Kd2 Nxb3+ 29. Bxb3+ Ke7 30. Ke3 Kd6 31. f4 Kc5 32. fxe5 fxe5 0-1

[Event "34th GER-ch Seniors-50 2022"]
[Site "Magdeburg"]
[Date "2022.08.13"]
[Round "2.7"]
[White "Roettinger, Eugen"]
[Black "Heck, Norbert"]
[Result "1/2-1/2"]
[ECO "A48"]
[WhiteElo "2035"]
[BlackElo "2249"]
[Annotator "TA"]
[PlyCount "60"]
[EventDate "2022.08.12"]
[EventType "swiss"]
[EventCountry "GER"]
[SourceTitle "playchess.com"]
[Source "ChessBase"]
[SourceQuality "1"]
[TimeControl "40/5400+30:1800+30"]

1. d4 g6 2. Bf4 Bg7 3. e3 Nf6 4. Nf3 O-O 5. h3 d6 6. Be2 Nbd7 {[%emt 0:00:16] 6...c5 is setting a new trend.} 7. O-O Qe8 8. Nc3 {[%emt 0:07:50] A48: 1 d4 Nf6 2 Nf3 g6: Torre, London and Colle Systems.} c6 9. Bh2 {[%emt 0:00:56] [#]} Nb6 $146 ({Predecessor:} 9... e5 10. d5 Qe7 11. Qd2 Nc5 12. dxc6 bxc6 13. Rad1 Nfe4 14. Nxe4 Nxe4 15. Qb4 Nc5 {0-1 (67) Wonner,S (1598)-Dubois,M (1826) Saint Paul Trois Chateaux 2013}) 10. e4 {[%emt 0:06:16][%cal Be3e4,Be4e5][%mdl 32] White is slightly better.} Be6 11. b3 h6 12. Qd3 d5 13. e5 Nfd7 14. Nh4 (14. a4 $16) 14... c5 (14... g5 $1 $14) 15. Nb5 {[%emt 0:00:24] [#] Strongly threatening Nc7.} Qd8 {[%emt 0:00:55] Inhibits Nc7.} 16. c3 {[%emt 0:00:33][%cal Bc2c3,Bc3d4][%mdl 32] White is more active.} a6 17. Na3 Rc8 (17... cxd4 $14 18. cxd4 g5) 18. f4 $16 cxd4 19. cxd4 Qc7 {[%emt 0:04:09][%cal Od7c5] [#]} 20. Rf3 ({Resist} 20. f5 $6 gxf5 21. Bf4 (21. Nxf5 Bxf5 22. Qxf5 e6 $14) 21... Qc3 $16) (20. g4 $1 $18) 20... Nc5 $1 $36 {[%emt 0:03:15][%mdl 2048] White is under pressure.} 21. Qe3 {[%emt 0:01:16] And now Rc1 would win.} Ne4 22. f5 gxf5 23. Nxf5 Bxf5 24. Rxf5 Qc3 25. Qxc3 Rxc3 26. Rf3 Rfc8 27. Bf4 e6 28. Bd3 Bf8 (28... f5 $11) 29. Nb1 $1 $14 R3c6 30. Nd2 (30. Kh2 $5 ) 30... Rc1+ {[%emt 0:41:19] Weighted Error Value: White=0.18 (very precise) /Black=0.19 (very precise)} 1/2-1/2

[Event "34th GER-ch Seniors-50 2022"]
[Site "Magdeburg"]
[Date "2022.08.13"]
[Round "2.8"]
[White "Heller, Achim"]
[Black "Krause, Ullrich"]
[Result "0-1"]
[ECO "D41"]
[WhiteElo "2025"]
[BlackElo "2190"]
[Annotator "TA"]
[PlyCount "104"]
[EventDate "2022.08.12"]
[EventType "swiss"]
[EventCountry "GER"]
[SourceTitle "playchess.com"]
[Source "ChessBase"]
[SourceQuality "1"]
[TimeControl "40/5400+30:1800+30"]

1. d4 d5 2. c4 e6 3. Nc3 Nf6 4. cxd5 Nxd5 5. e4 Nxc3 6. bxc3 c5 7. Nf3 cxd4 8. cxd4 Bb4+ 9. Bd2 Bxd2+ 10. Qxd2 O-O 11. Bc4 Nd7 12. O-O Nf6 13. e5 {[%emt 0:03:59] D41: Queen's Gambit Declined: Semi-Tarrasch with 5 cxd5.} Nd5 14. Ng5 h6 15. Ne4 {[%emt 0:02:27] White is better.} Nb6 16. Bb3 Bd7 17. f4 Bc6 18. Nd6 (18. Rae1 $14) 18... Nc8 $1 $11 {[%emt 0:01:27] [#]} 19. Nxf7 $146 ({Predecessor:} 19. Nxc8 Rxc8 20. f5 exf5 21. d5 Bb5 22. Rxf5 Qb6+ 23. Kh1 Bc4 24. Bxc4 Rxc4 25. Rd1 {1-0 (40) Schuh,H (2312)-Martin,S (2220) Germany 2000}) 19... Rxf7 (19... Kxf7 $11 {keeps the balance.} 20. f5 Bd5) 20. Bxe6 $16 Bd5 21. Bxf7+ Kxf7 (21... Bxf7 $16 {was called for.} 22. f5 Qg5 23. Qxg5 hxg5) 22. Rae1 ({White should try} 22. Rac1 $1 $18) 22... Nb6 23. f5 Nc4 (23... Qg5 $16 24. e6+ Ke8 25. Qxg5 hxg5) 24. e6+ (24. Qc2 $1 $18 {Strongly threatening e6+.} Qh4 25. e6+ Kf6 26. Qd3) 24... Kg8 $14 25. Qe2 Qf6 26. Qd3 (26. Rf2 $14) 26... Re8 27. Rf2 b5 (27... Nb6 $11) 28. h3 a6 29. Rc1 Re7 30. Re1 (30. Rb1 $14) 30... a5 ({Better is} 30... Re8 $1 $11) 31. Rb1 ({White should play} 31. Qb3 $14) 31... Rb7 32. Re2 (32. Rbf1 $14) 32... Nd6 $1 $11 33. Re5 Bxa2 34. Rbe1 Bc4 35. Qf3 Qe7 (35... Ra7 $15) 36. Qc6 (36. Rc5 $1 $11 Rb8 37. Rc6) 36... Qc7 $2 (36... Rb8 $19 {And now ...a4 would win.} 37. Rc1 a4) 37. Qf3 $1 Qe7 38. Rc5 {[%emt 0:03:53] Black must now prevent Rc6.} a4 $2 (38... Rb8 $11) 39. Rc6 $1 $18 Rc7 $2 (39... Ra7 40. f6 Qxf6) 40. Rxc7 (40. f6 $142 gxf6 41. Qg3+ Kh8 42. Rxd6) 40... Qxc7 {[%emt 0:00:16] [#]} 41. Qa8+ (41. f6 $1 $18 {[%cal Rf6f7] Hoping for f7+.} b4 42. f7+ Nxf7 43. e7 (43. exf7+ Bxf7 44. Qa8+ Kh7 $16)) 41... Kh7 $19 {[%emt 0:31:58] ...Qe7 is the strong threat.} 42. e7 (42. f6 {keeps fighting.} gxf6 43. e7) 42... Bf7 {[%emt 0:00:00] Really sharp!} 43. Qf3 (43. f6 $142 gxf6 44. Qd8) 43... Ne8 44. Qd3 Qc4 45. Qd2 (45. Qxc4 $142 Bxc4 46. Kf2) 45... b4 {[%emt 0:00:00][%cal Bb5b4,Bb4b3,Bb3b2][%mdl 32] Threatens to win with ...a3.} 46. Rc1 Qb5 47. Rc5 Qb6 48. Qc2 b3 49. Qd3 b2 50. Rb5 Qa6 {[%emt 0:00:00] ( -> ...a3)} 51. f6+ g6 52. Qf1 a3 {[%emt 0:00:50] Weighted Error Value: White=1.00/Black=0.41} ({Stronger than} 52... Bc4 {[#]} 53. Rxb2 $1 Bxf1 54. f7 $15) 0-1

[Event "34th GER-ch Seniors-50 2022"]
[Site "Magdeburg"]
[Date "2022.08.14"]
[Round "3.1"]
[White "Pitschka, Claus"]
[Black "Zude, Arno"]
[Result "1/2-1/2"]
[ECO "C56"]
[WhiteElo "2188"]
[BlackElo "2371"]
[Annotator "TA"]
[PlyCount "33"]
[EventDate "2022.08.12"]
[EventType "swiss"]
[EventCountry "GER"]
[SourceTitle "playchess.com"]
[Source "ChessBase"]
[SourceQuality "1"]
[TimeControl "40/5400+30:1800+30"]

1. e4 e5 2. Nf3 Nc6 3. d4 exd4 4. Bc4 Nf6 5. e5 d5 6. Bb5 Ne4 7. Nxd4 Bc5 8. Be3 Bd7 9. Bxc6 bxc6 10. O-O {[%emt 0:00:54] 10.Nd2 is vanishing.} Bb6 11. f3 Ng5 12. f4 {[%emt 0:00:40] C56: Two Knights: 4 d4 exd4 5 0-0 Nxe4.} Ne4 13. Nc3 Nxc3 14. bxc3 Qe7 15. Qd2 O-O 16. Rae1 {[%emt 0:06:54] [#]} Bxd4 $146 ({Predecessor:} 16... Rfe8 17. Nb3 Bf5 18. Qf2 Qd7 19. Nc5 Bxc5 20. Bxc5 Re6 21. h3 Rg6 22. Kh2 Rh6 {0-1 (53) Senlle Caride,M (2374)-Vasquez Schroder,R (2467) Figueira da Foz 2021}) 17. cxd4 {[%emt 0:05:48] An even fight not without its subleties.  Weighted Error Value: White=0.09 (flawless) /Black=0.12 (very precise)} 1/2-1/2

[Event "34th GER-ch Seniors-50 2022"]
[Site "Magdeburg"]
[Date "2022.08.14"]
[Round "3.2"]
[White "Juegel, Marcel"]
[Black "Raitza, Olaf"]
[Result "1/2-1/2"]
[ECO "D00"]
[WhiteElo "2126"]
[BlackElo "2289"]
[Annotator "TA"]
[PlyCount "61"]
[EventDate "2022.08.12"]
[EventType "swiss"]
[EventCountry "GER"]
[SourceTitle "playchess.com"]
[Source "ChessBase"]
[SourceQuality "1"]
[TimeControl "40/5400+30:1800+30"]

1. d4 Nf6 2. Nc3 d5 3. Bf4 e6 4. Nb5 Na6 5. e3 Be7 6. Bd3 {[%emt 0:01:09] D00: 1 d4 d5: Unusual lines.} c6 7. Nc3 Qb6 8. a3 {[%emt 0:04:16] The position is equal.} c5 {[%emt 0:03:38] [#]} (8... Qxb2 $2 9. Na4 Qxa1 10. Qxa1 $18) 9. Ra2 $146 ({Predecessor:} 9. Rb1 O-O 10. Nf3 Bd7 11. Ne5 c4 12. Be2 Rfd8 13. Bg5 Nc7 14. Bh5 Be8 15. Ng4 {1-0 (76) Artemiev,V (2692)-Radjabov,T (2742) Tbilisi 2017}) 9... Bd7 10. Nf3 c4 11. Be2 Qa5 12. Nd2 b5 13. Qa1 Qb6 14. Qc1 Bc6 15. O-O O-O 16. Bf3 Nc7 17. Qe1 (17. b3 $11 {keeps the balance.}) 17... a5 $17 18. Bd1 b4 19. Ncb1 Nb5 20. a4 c3 (20... Nd6 $17 21. h3 Nd7) 21. Nf3 $15 Ne4 22. Ne5 ({White should play} 22. axb5 $14 Bxb5 23. Be2 (23. bxc3 Bxf1 24. Qxf1 bxc3 $15)) 22... Nbd6 $11 {[%emt 0:03:06] next ...cxb2 is good for Black.} 23. f3 Nd2 (23... Nf6 $142) 24. Nxd2 cxd2 25. Qxd2 Nc4 (25... Rac8 $11) 26. Qd3 {[%emt 0:03:30] [#]} (26. Nxc4 $16 dxc4 27. c3) 26... f6 (26... Bxa4 $1 $15 27. Rxa4 Nxb2) 27. Nxc6 $14 Qxc6 28. c3 e5 29. Bg3 {[%emt 0:00:29] And now b3 would win.} e4 $2 ({Black should try} 29... bxc3 $14 30. bxc3 Rfc8) 30. fxe4 $18 dxe4 31. Qe2 {[%emt 0:01:25][%mdl 32768] Weighted Error Value: White=0.26 (precise) /Black=0.46. An unexpected result.} 1/2-1/2

[Event "34th GER-ch Seniors-50 2022"]
[Site "Magdeburg"]
[Date "2022.08.14"]
[Round "3.3"]
[White "Wenner, Tobias"]
[Black "Wacker, Peter"]
[Result "0-1"]
[ECO "A09"]
[WhiteElo "2099"]
[BlackElo "2263"]
[Annotator "TA"]
[PlyCount "92"]
[EventDate "2022.08.12"]
[EventType "swiss"]
[EventCountry "GER"]
[SourceTitle "playchess.com"]
[Source "ChessBase"]
[SourceQuality "1"]
[TimeControl "40/5400+30:1800+30"]

1. Nf3 d5 2. c4 d4 3. b4 Bg4 4. Qb3 Bxf3 5. Qxf3 c6 6. Qb3 {[%emt 0:02:24] A09: Réti Opening: 1 Nf3 d5 2 c4.} e5 {[%emt 0:01:18] [#]} 7. d3 $146 ({Predecessor:} 7. g3 Nd7 8. Bg2 a5 9. b5 Nc5 10. Qd1 Qc7 11. O-O Nf6 12. d3 Rd8 13. a4 {0-1 (39) Colas,J (2288)-Sorensen,H (2395) Chess.com INT 2020}) 7... a5 8. bxa5 {[%emt 0:06:06] The position is equal.} Qxa5+ 9. Bd2 Qc7 10. g3 Na6 11. Bg2 Nf6 12. a4 Bd6 13. a5 O-O 14. O-O Rfe8 15. e3 (15. Qb2 $11 {feels stronger.}) 15... dxe3 16. Bxe3 Bc5 17. Nd2 Red8 (17... Bxe3 $1 $15 {is more appropriate.} 18. fxe3 Red8) 18. Ne4 (18. Bg5 $11 {keeps the balance.}) 18... Nxe4 $17 {[%emt 0:02:36] White is on the road to losing.} 19. dxe4 Bd4 20. Ra3 (20. Bxd4 $142 exd4 21. Qb6) 20... Bxe3 21. fxe3 (21. Qxe3 $142 c5 22. Qb3) 21... c5 (21... Rd2 $142 22. Qb6 Qe7) 22. Rd1 (22. Qb6 $142) 22... Rxd1+ 23. Qxd1 Nb4 {[%emt 0:00:08] Against Rd3} 24. Bh3 Rd8 ({Weaker is} 24... Rxa5 25. Rxa5 Qxa5 26. Bc8 $15) 25. Qe2 g6 26. Ra1 Rd6 27. Qg4 Kg7 ({Not} 27... Nc2 28. Rc1 Nb4 29. Qc8+ Qxc8 30. Bxc8 $15) 28. Qc8 {[%emt 0:02:24] [#]} Qe7 {[%emt 0:00:22] And now ...Nc2 would win.} 29. Rf1 (29. Qg4 $142) 29... Rd8 30. Qg4 Nc6 31. Rd1 Nxa5 32. Bf1 Nc6 33. Qe2 Nb4 34. Rd2 Qc7 {[%emt 0:07:33] Black is more active.} 35. Qd1 Rxd2 36. Qxd2 {[%emt 0:00:02][%mdl 4096] Endgame KQB-KQN} Qc6 37. Kf2 (37. Qg2 $17 {is a better defense.}) 37... Qxe4 $19 38. Qd6 Qf5+ 39. Kg1 e4 {[%emt 0:00:39][%cal Be5e4,Be4d3][%mdl 32] [#] White must now prevent ...Nd3.} 40. Qc7 $2 (40. Qf4) 40... Nd3 41. Bxd3 exd3 42. Qxb7 {[%emt 0:00:05] KQ-KQ} Qg4 (42... Qe5 $142 43. Kf2 Qa1) 43. Qb2+ f6 44. Qb7+ Kh6 {[%emt 0:00:00] ( -> ...d2)} 45. Qd5 Qd1+ 46. Kg2 Qe2+ {[%emt 0:00:00] Weighted Error Value: White=0.73/Black=0.21 (precise)} 0-1

[Event "34th GER-ch Seniors-50 2022"]
[Site "Magdeburg"]
[Date "2022.08.14"]
[Round "3.4"]
[White "Koscielski, Janusz"]
[Black "Reddmann, Hauke"]
[Result "1/2-1/2"]
[ECO "B22"]
[WhiteElo "2255"]
[BlackElo "2181"]
[Annotator "TA"]
[PlyCount "68"]
[EventDate "2022.08.12"]
[EventType "swiss"]
[EventCountry "GER"]
[SourceTitle "playchess.com"]
[Source "ChessBase"]
[SourceQuality "1"]
[TimeControl "40/5400+30:1800+30"]

1. e4 c5 2. c3 Nf6 3. e5 Nd5 4. Bc4 Nb6 5. Bb3 d5 6. exd6 {[%emt 0:00:11] B22: Sicilian: 2 c3.} exd6 7. d4 Nc6 {[%emt 0:00:58] [#]} 8. dxc5 $146 {[%emt 0:04:15] White is slightly better.} (8. Nf3 {keeps more tension.} Bf5 9. O-O Be7 10. Re1) ({Predecessor:} 8. Ne2 Bf5 9. Ng3 Bg6 10. O-O Be7 11. d5 Na5 12. f4 Nxb3 13. axb3 Bxb1 14. f5 {0-1 (57) Lyell,M (2193)-Vasiesiu,D (2384) Corund 2016}) 8... dxc5 9. Qxd8+ (9. Qe2+ {looks sharper.} Be7 10. Nf3 Bf5 11. Bc2) 9... Nxd8 10. Nf3 Be6 11. O-O Be7 12. Re1 O-O 13. Nbd2 h6 14. a4 a5 15. Ne5 Bxb3 16. Nxb3 Ne6 (16... Bd6 $11) 17. Nd2 {[%emt 0:07:31] White is more active.} Rfd8 18. Ndc4 Nd5 19. g3 Bd6 20. Nf3 Bc7 21. Kf1 Nb6 22. Nxb6 Bxb6 23. Ne5 Bc7 24. Nc4 h5 25. Be3 Kf8 26. Ke2 b6 27. h3 Rd5 28. Red1 Rxd1 29. Rxd1 Ke7 30. Na3 Rd8 31. Rd3 g6 32. Nb5 Rxd3 33. Kxd3 Kd7 34. Na3 Ke8 {[%emt 0:34:16] Weighted Error Value: White=0.10 (very precise) /Black=0.14 (very precise)} (34... f5 $11 {keeps the balance.}) 1/2-1/2

[Event "34th GER-ch Seniors-50 2022"]
[Site "Magdeburg"]
[Date "2022.08.14"]
[Round "3.5"]
[White "Krause, Ullrich"]
[Black "Lindam, Ingo"]
[Result "1/2-1/2"]
[ECO "E69"]
[WhiteElo "2190"]
[BlackElo "2130"]
[Annotator "TA"]
[PlyCount "30"]
[EventDate "2022.08.12"]
[EventType "swiss"]
[EventCountry "GER"]
[SourceTitle "playchess.com"]
[Source "ChessBase"]
[SourceQuality "1"]
[TimeControl "40/5400+30:1800+30"]

1. Nf3 Nf6 2. c4 g6 3. g3 Bg7 4. d4 O-O 5. Bg2 d6 6. O-O Nbd7 7. Nc3 e5 8. e4 c6 9. h3 Qb6 10. Rb1 exd4 11. Nxd4 Re8 12. Be3 Qb4 13. Re1 Qxc4 {[%emt 0:07:41] The position is equal.} 14. Bf1 {[%emt 0:00:00] E69: King's Indian: Fianchetto: 6...Nbd7 7 0-0 e5 8 e4 c6 9 h3.} Qb4 {[%emt 0:01:17] [#]} 15. Nb3 $146 {[%emt 0:00:00] [#] Threatens to win with a3.} ({Predecessor:} 15. Nc2 Qa5 16. Qxd6 Ne5 17. Kg2 Be6 18. b4 Qd8 19. Qxd8 Rexd8 20. Red1 Nc4 21. Bd4 Nd7 22. Bxg7 Kxg7 {1-0 (64) Grunberg,M (2432)-Burlacu,B (2259) Brasov 2004}) 15... d5 {[%emt 0:13:10] An uneventful encounter.  Weighted Error Value: White=0.07 (flawless) /Black=0.00 (flawless)} 1/2-1/2